AoeStats
← ccereal

Lombardia

509448315Analyzed
4v4 RM · 6d ago on Sep 26, 2026· 21m 48s· 8 players
Game mode
Random Map
Map size
Large (8 player)
Population
200
Speed
Normal
Resources
Standard
Victory
Conquest
Starting age
Dark Age
Ending age
Imperial Age
RankedLock teamsTeams togetherTeam positionsShared explorationLock speedFull tech treeHidden civsTurbo modeCheats
Victory
Defeat
🇫🇷 Saracens · France
1576
+7
🇫🇷 Britons · France
1481
+10
🇫🇷 Magyars · France
1330
+16
🇫🇷 Khmer · France
1216
+20
🇹🇷 Berbers · Türkiye
1376
-15
🇹🇷 Tatars · Türkiye
1365
-14
🇺🇸 Lithuanians · United States
1350
-14
🇹🇷 Franks · Türkiye
1250
-10
EşrefÇift
11:44 Feudal Age
10:13 Loom
12:34 Double-Bit Axe
17:21 Castle Age
Hekimoglu
4:50 Loom
9:29 Feudal Age
10:31 Double-Bit Axe
10:29 Horse Collar
14:37 Scale Barding Armor
18:10 Bloodlines
20:04 Fletching
20:14 Padded Archer Armor
Marsman3354
9:16 Loom
12:08 Feudal Age
17:27 Castle Age
Laggy
6:27 Loom
8:54 Feudal Age
9:49 Double-Bit Axe
Tonymontana
5:56 Loom
8:46 Feudal Age
12:25 Fletching
17:48 Padded Archer Armor
19:49 Double-Bit Axe
La Momone 38
7:32 Loom
9:21 Feudal Age
10:59 Double-Bit Axe
20:00 Wheelbarrow
21:32 Castle Age
20:23 Scale Barding Armor
21:03 Bloodlines
20:48 Gold Mining
PayZouZ
10:47 Feudal Age
11:16 Loom
14:10 Castle Age
21:50 Double-Bit Axe
ccereal
5:53 Loom
8:09 Feudal Age
11:47 Fletching
17:28 Double-Bit Axe
21:59 Wheelbarrow
Connection lost

Rejoining the realm…

Still unreachable

The connection could not be restored.

Session expired

The server has moved on; the page needs a fresh start.